 Dungeon Crawl Stone Soup version 0.17.0-24-gcfadda4 (console) character file.

11 gw the Charlatan (level 2, -8/21 HPs)
             Began as a Human Artificer on Nov 18, 2015.
             Killed themself with a badly aimed fireball (10 damage)
             ... on level 1 of the Dungeon.
             The game lasted 00:00:19 (261 turns).

gw the Charlatan (Human Artificer)                   Turns: 261, Time: 00:00:19

Health: -8/21      AC:  3    Str: 11    XL:     2   Next: 35%
Magic:  4/4        EV: 12    Int: 12    God:
Gold:   0          SH:  0    Dex: 13    Spells: 0 memorised, 1 level left

rFire  . . .     SeeInvis .     b - +1 dagger (flame)
rCold  . . .     Clarity  .     h - +0 leather armour
rNeg   . . .     SustAt   .     (no shield)
rPois  .         Gourm    .     (no helmet)
rElec  .         Spirit   .     (no cloak)
rCorr  .         Warding  .     (no gloves)
rMut   .         Stasis   .     (no boots)
MR     .....                    (no amulet)
Stlth  +.........               (no ring)
                                (no ring)

@: not resistant to hostile enchantments, very unstealthy
A: no striking features
a: no special abilities


You were on level 1 of the Dungeon.
You were not hungry.

You visited 1 branch of the dungeon, and saw 1 of its levels.

Inventory:

Hand Weapons
 b - a +1 dagger of flaming (weapon)
Missiles
 a - 6 tomahawks (quivered)
 i - 17 stones
Armour
 h - a +0 leather armour (worn)
Wands
 c - a wand of flame (15)
 d - a wand of enslavement (11)
 e - a wand of random effects (12)
Potions
 g - a potion of agility {unknown}
Comestibles
 f - a bread ration


   Skills:
 + Level 1.4 Fighting
 * Level 1.3 Short Blades
 + Level 0.0 Throwing
 + Level 1.1 Armour
 - Level 2.0 Dodging
 - Level 1.0 Stealth
 - Level 3.0 Evocations


You had one spell level left.
You didn't know any spells.

Dungeon Overview and Level Annotations

Branches:
Dungeon (1/15)

Altars:


Message History

Zapping:
e - a wand of random effects (14)
Press: ? - help, Shift-Dir - straight line, f - jackal
Aim: a jackal (moderately wounded)
The jackal appears confused.
This wand has 13 charges left.
The jackal bites you.
Evoke which item? (* to show all) (? for menu, Esc to quit)
Zapping:
e - a wand of random effects (13)
Press: ? - help, Shift-Dir - straight line, f/p - jackal
Aim: a jackal (moderately wounded, confused)
The magic dart hits the jackal.
The jackal is heavily wounded.
This wand has 12 charges left.
Evoke which item? (* to show all) (? for menu, Esc to quit)
Zapping:
e - a wand of random effects (12)
Press: ? - help, Shift-Dir - straight line, f/p - jackal
Aim: a jackal (heavily wounded, confused)
The fireball explodes!
The fireball engulfs the jackal.
You kill the jackal!
The fireball engulfs you!
You die...

#.###### #######..
#......# #...>...#
######.###.########
##............#
#..............
#####.##...........
#.p...##...........
#%######...........
...# ##.......[..
.....# ##....#...#
#.####$# ##..######
. #.# #.# #>... #..
#. #...% ### #..##
#..#.


There were no monsters in sight!

Table legend:
 A = Turns spent in this place as a percentage of turns spent in the entire game.
 B = Non-inter-level travel turns spent in this place as a percentage of non-inter-level travel turns spent in the entire game.
 C = Inter-level travel turns spent in this place as a percentage of turns spent in this place.
 D = Turns resting spent in this place as a percentage of non-inter-level travel turns spent in this place.
 E = Turns spent auto-exploring this place as a percentage of non-inter-level travel turns spent in this place.
 F = Non-inter-level travel turns spent in this place divided by the number of levels of this place that you've seen.
                   A       B       C       D       E      F
               +-------+-------+-------+-------+-------+----------------------
         Total | 100.0 | 100.0 |   0.0 |   2.3 |   1.6 | 441.0
       Dungeon | 100.0 | 100.0 |   0.0 |   2.3 |   1.6 | 441.0
               +-------+-------+-------+-------+-------+----------------------

Table legend:
 A = Kills in this place as a percentage of kills in entire the game.
 B = Kills by you in this place as a percentage of kills by you in the entire game.
 C = Kills by friends in this place as a percentage of kills by friends in the entire game.
 D = Other kills in this place as a percentage of other kills in the entire game.
 E = Experience gained in this place as a percentage of experience gained in the entire game.
 F = Experience gained in this place divided by the number of levels of this place that you have seen.
                   A       B       C       D       E      F
               +-------+-------+-------+-------+-------+----------------------
         Total | 100.0 | 100.0 |  -nan | 100.0 | 100.0 |  16.0
       Dungeon | 100.0 | 100.0 |  -nan | 100.0 | 100.0 |  16.0
               +-------+-------+-------+-------+-------+----------------------

Vanquished Creatures
  A giant gecko (D:1)
  A goblin (D:1)
  2 jackals (D:1)
  A kobold (D:1)
  3 bats (D:1)
8 creatures vanquished.

Vanquished Creatures (others)
  2 jackals (D:1)
2 creatures vanquished.

Grand Total: 10 creatures vanquished

Notes
Turn   | Place    | Note
--------------------------------------------------------------
     0 | D:1      | gw the Human Artificer began the quest for the Orb.
     0 | D:1      | Reached XP level 1. HP: 15/15 MP: 3/3
    72 | D:1      | Reached skill level 1 in Armour
    72 | D:1      | Reached XP level 2. HP: 12/21 MP: 4/4
   261 | D:1      | Killed themself with a badly aimed fireball

Action                   || total
-------------------------++-------
Melee: Short sword       ||    22
       Dagger            ||    10
Evoke: Wand              ||     7

Vault maps used:
D:1:      dpeg_arrival_windows_large_door
